 Dungeon Crawl Stone Soup version 0.26-a0-1213-gd52f5182fe (webtiles) character file.

Game seed: 14278003023421381289

12761 sokol815 the Carver (level 11, 0/61 HPs)
             Began as an Octopode Hedge Wizard on Dec 31, 2020.
             Was an Initiate of Gozag.
             Slain by a troll (2 damage)
             ... on level 10 of the Dungeon.
             The game lasted 00:58:01 (18104 turns).

sokol815 the Carver (Octopode Hedge Wizard)        Turns: 18104, Time: 00:58:01

Health: 0/61       AC: 12    Str: 10    XL:     11   Next: 98%
Magic:  10/15      EV: 16    Int: 23    God:    Gozag
Gold:   1839       SH:  8    Dex: 14    Spells: 2/16 levels left

rFire    . . .     SeeInvis .   a - +4 scimitar (flame)
rCold    . . .     Faith    .   e - +3 warlock's mirror {reflect}
rNeg     . . .     Spirit   .   H - +2 hat
rPois    .         Reflect  +   y - amulet of regeneration {+regen, !d}
rElec    .         Harm     .   n - +6 ring of intelligence
rCorr    .         Rampage  .   (no ring)
Will     .....                  (no ring)
Stlth    ++++......             (no ring)
HPRegen  0.60/turn              (no ring)
MPRegen  0.14/turn              (no ring)
                                (no ring)
                                (no ring)

@: icy armour
A: almost no armour, stealthy swim, amphibious, 8 rings, constrict 8, yellow
scales 1, camouflage 1, sense surroundings 1, gelatinous body 1
a: Renounce Religion, Potion Petition, Call Merchant, Bribe Branch


You were on level 10 of the Dungeon.
You worshipped Gozag.
Gozag was most pleased with you.
You visited 1 branch of the dungeon, and saw 11 of its levels.
You also visited: Sewer.

You collected 2915 gold pieces.
You spent 1050 gold pieces at shops.
You paid 26 gold pieces to Gozag.

Inventory:

Hand Weapons
 a - a +4 scimitar of flaming (weapon)
   (You took it off Erica on level 8 of the Dungeon)
 b - a +2 dagger of speed
   (You took it off a kobold on level 3 of the Dungeon)
 l - a +0 dagger
 o - a +1 flail of holy wrath
   (You took it off Edmund on level 4 of the Dungeon)
 r - a cursed +5 hand axe
   (You took it off a wight on level 7 of the Dungeon)
 I - a +3 scimitar
   (You took it off a wight on level 7 of the Dungeon)
Missiles
 q - 10 boomerangs
 t - 29 poisoned darts
 u - 4 curare-tipped darts
 z - 2 atropa-tipped darts
Armour
 e - the +3 warlock's mirror (worn) {reflect}
   (You bought it in a shop on level 4 of the Dungeon)
 g - a +0 kite shield
   (You found it on level 1 of the Dungeon)
 H - a +2 hat (worn)
   (You found it on level 7 of the Dungeon)
Jewellery
 n - a +6 ring of intelligence (left tentacle)
   (You found it on level 4 of the Dungeon)
 x - an uncursed amulet of guardian spirit {Spirit}
   (You found it on level 7 of the Dungeon)
 y - an amulet of regeneration (around mantle) {+regen, !d}
   (You found it on level 5 of the Dungeon)
 B - an uncursed ring of fire {rF+, rC-}
   (You found it on level 7 of the Dungeon)
Wands
 p - a wand of polymorph (24)
   (You found it on level 6 of the Dungeon)
 D - a wand of disintegration (6)
   (You found it on level 7 of the Dungeon)
 F - a wand of acid (9)
   (You found it on level 7 of the Dungeon)
 G - a wand of iceblast (4)
   (You took it off Maurice on level 9 of the Dungeon)
 J - a wand of enslavement (12)
   (You took it off Ijyb on level 5 of the Dungeon)
 K - a wand of paralysis (9)
   (You found it on level 10 of the Dungeon)
Scrolls
 c - 10 scrolls of remove curse
 d - a scroll of amnesia
 f - 5 scrolls of teleportation
 i - 2 scrolls of magic mapping {!r}
 j - a scroll of immolation {!r}
 k - a scroll of fog
 A - 5 scrolls of enchant armour
Potions
 h - 6 potions of curing
 m - 2 potions of attraction {!q}
 s - 5 potions of flight
 v - a potion of mutation {!q}
 w - a potion of lignification {!q}
 C - 4 potions of might
 E - a potion of brilliance


   Skills:
 - Level 8.0(10.0) Short Blades
 + Level 9.6(10.7) Long Blades
 - Level 5.0 Dodging
 - Level 5.0 Stealth
 - Level 4.0 Shields
 - Level 3.0 Spellcasting
 - Level 7.0 Conjurations
 - Level 7.0 Hexes
 - Level 1.1 Summonings
 - Level 2.0 Translocations
 - Level 6.0 Ice Magic
 - Level 2.2 Air Magic
 - Level 2.8 Poison Magic


You had 2 spell levels left.
You knew the following spells:

 Your Spells              Type           Power        Failure   Level
a - Magic Dart            Conj           100%         1%          1
b - Blink                 Tloc           N/A          8%          2
c - Searing Ray           Conj           70%          1%          2
d - Dazzling Flash        Conj/Hex       70%          1%          3
x - Mephitic Cloud        Conj/Pois/Air  22%          7%          3
A - Ozocubu's Armour      Ice            31%          3%          3

Your spell library contained the following spells:

 Spells                   Type           Power        Failure   Level
 Freeze                   Ice            100%         1%          1
 Slow                     Hex            35%          1%          2
 Call Imp                 Summ           8%           11%         2
 Frozen Ramparts          Ice            62%          3%          3
 Fulminant Prism          Conj/Hex       17%          6%          4
 Hailstorm                Conj/Ice       33%          8%          4
 Conjure Flame            Conj/Fire      19%          9%          3
 Iskenderun's Mystic Bla  Conj/Tloc      24%          19%         4
 Summon Ice Beast         Ice/Summ       19%          26%         4


Dungeon Overview and Level Annotations

Branches:
Dungeon (11/15)            Temple (0/1) D:5            Lair (0/6) D:11
    Orc (0/2) D:9           Sewer (visited)

Altars:
Fedhas
Gozag
Nemelex Xobeh
Trog
Uskayaw
Vehumet

Shops:
D:4 ![[[}   D:5 :

Annotations:
D:7 2 transporters, exclusions: 2 centaurs, jelly, oklob plant and 5 more exclusions, Anias's ghost, novice OpWn
D:8 Harold
D:10 exclusions: downstairs, electric eel and 2 more exclusions


Innate Abilities, Weirdness & Mutations

You cannot wear most types of armour.
You are very stealthy in the water. (Stealth+)
You are amphibious.
You can wear up to eight rings at the same time.
You can use your tentacles to constrict eight enemies at once.
Your skin changes colour to match your surroundings (Stealth+).
Your rubbery body absorbs attacks. (AC +1, EV +1)
You are partially covered in yellow scales. (AC +2)
You passively map a small area around you.


Message History

You squeeze the wyvern zombie.
The boulder beetle bites the fungus!!
The fungus begins to die.
The wyvern zombie misses you.
The troll is no longer distracted by gold.
There is a staircase to the Lair here.
A nearby fungus withers and dies.
You block the wyvern zombie's attack.
You hit the wyvern zombie. You burn the wyvern zombie.
You squeeze the wyvern zombie.
You destroy the wyvern zombie!
A nearby fungus withers and dies.
There is a stone staircase leading up, spattered with blood here.
Health restored: 61 The troll closely misses you.
You riposte.
You barely miss the troll. You block the troll's attack. The troll claws you!
You climb upwards.
Level annotation: exclusions: downstairs, electric eel and 2 more exclusions
There is a stone staircase leading down, spattered with blood here.
You take 6 damage, and have 55/61 hp.
The troll is dazzled.
The troll bites you! The troll completely misses you.
The troll closely misses you.
You take 15 damage, and have 40/61 hp.
MASSIVE DAMAGE!!
You now have 7/15 mp.
You barely miss the troll. Your squeeze misses the troll.
The troll closely misses you. The troll misses you.
You block the troll's attack.
You barely miss the troll.
You squeeze the troll, but do no damage.
You hit the troll. You burn the troll. You block the troll's attack.
The troll misses you. You block the troll's attack.
You hit the troll. You burn the troll.
The troll shouts!
You slash the troll! You burn the troll.
The troll is no longer blind.
You block the troll's attack. The troll claws you! The troll barely misses you.
You take 10 damage, and have 34/61 hp.
You are too injured to fight recklessly!
You are too injured to fight recklessly!
You are too injured to fight recklessly!
The troll is dazzled.
The troll barely misses you.
You riposte.
You catch the helpless troll completely off-guard!
You slash the troll! You burn the troll. The troll claws you!
The troll completely misses you.
You take 9 damage, and have 25/61 hp.
You now have 5/15 mp.
You are too injured to fight recklessly!
You catch the helpless troll completely off-guard!
You hit the troll. You burn the troll.
You kill the troll!
Training target 6.0 for Ice Magic reached!
Your Ice Magic skill increases to level 6!
You now have 1839 gold pieces (gained 22).
You regained 2 hp, and now have 27/61 hp.
You start resting.
Health restored: 61; MP restored: 15 You see here a +0 hand axe.
There is a stone staircase leading down, spattered with blood here.
You climb downwards.
The troll bites you!! The troll claws you! You block the troll's attack.
The troll bites you. The troll barely misses you. The troll claws you.
There is a stone staircase leading up, spattered with blood here.
You take 31 damage, and have 30/61 hp.
MASSIVE DAMAGE!!
The troll bites you but does no damage. The troll claws you.
The troll claws you!
You climb upwards.
Level annotation: exclusions: downstairs, electric eel and 2 more exclusions
There is a stone staircase leading down, spattered with blood here.
You take 10 damage, and have 20/61 hp.
A film of ice covers your body! You block the troll's attack.
The troll closely misses you. You block the troll's attack.
You now have 12/15 mp.
The troll is dazzled.
The troll bites you.
* * * LOW HITPOINT WARNING * * *
The troll misses you. The troll barely misses you.
You take 5 damage, and have 15/61 hp.
You now have 9/15 mp.
You barely miss the troll. The troll bites you!
* * * LOW HITPOINT WARNING * * *
You block the troll's attack. x2
You take 12 damage, and have 3/61 hp.
You feel better. You block the troll's attack.
The troll claws you but does no damage. The troll barely misses you.
You regained 10 hp, and now have 13/61 hp.
You slash the troll! You burn the troll. You squeeze the troll.
You catch the helpless troll completely off-guard!
You slash the troll! You burn the troll.
The troll is no longer blind.
The troll misses you. The troll claws you.
* * * LOW HITPOINT WARNING * * *
The troll barely misses you.
You take 4 damage, and have 9/61 hp.
Okay, then.
You feel better. The troll bites you.
* * * LOW HITPOINT WARNING * * *
The troll closely misses you. The troll claws you!
* * * LOW HITPOINT WARNING * * *
You take 7 damage, and have 2/61 hp.
Okay, then.
Aim: a troll (severely wounded, chance to affect: 46%)
The troll resists with some effort.
You block the troll's attack. The troll barely misses you. The troll claws you.
You die...
Your body crumbles into a pile of gold.

## ##...§.## ##§§§.#
###### #.# ######'##
######## #.......#
.......#####.......#
######.....[....)..#
#######....@..#
#.....T.# #.......#
#########


You could see a troll.

Vanquished Creatures
  Erica (D:8)
  2 two-headed ogres
  Maurice (D:9)
  A troll (D:10)
  A hornet (D:11)
  Prince Ribbit (D:9)
  Sigmund (D:5)
  A centaur simulacrum (D:10)
  A shadow (D:10)
  A vampire (D:9)
  8 yaks (D:10)
  The ghost of Frask the Ducker, an amateur MiMo (D:3)
  Menkaure (D:7)
  A vampire mosquito (D:11)
  Edmund (D:4)
  A water moccasin (D:11)
  A swamp drake (D:9)
  6 sky beasts
  4 black bears
  3 ice beasts
  8 orc warriors
  2 phantoms
  11 ogres
  7 centaurs
  2 big kobolds
  12 bullfrogs
  2 wyvern zombies (D:11)
  3 scorpions
  16 killer bees
  4 wights (D:7)
  An electric eel (D:10)
  A howler monkey (D:6)
  A bullfrog zombie (D:11)
  6 hounds
  A quasit (D:5)
  A bullfrog skeleton (D:11)
  4 orc priests
  Ijyb (D:5)
  13 orc wizards
  8 worker ants
  4 iguanas
  A statue (D:8)
  2 hound zombies
  A hound skeleton (D:10)
  10 gnolls
  20 adders
  2 river rats (Sewer)
  3 shadow imps
  7 white imps
  A howler monkey simulacrum (D:10)
  5 ufetubi
  3 adder zombies
  An ooze (D:1)
  3 adder skeletons
  5 worms
  3 dart slugs
  8 leopard geckos
  45 orcs
  3 giant cockroaches
  4 goblins
  5 hobgoblins
  18 jackals
  12 kobolds
  6 quokkas
  10 bats
  7 frilled lizards
  A jackal skeleton (D:5)
  A leopard gecko skeleton (D:4)
  A quokka skeleton (D:5)
  A quokka zombie (D:6)
  8 rats
343 creatures vanquished.

Vanquished Creatures (others)
  47 fungi (D:11)
  44 plants (D:11)
91 creatures vanquished.

Grand Total: 434 creatures vanquished

Notes
Turn   | Place    | Note
-------+----------+-------------------------------------------
     0 | D:1      | sokol815 the Octopode Hedge Wizard began the quest for the
                  | Orb.
     0 | D:1      | Reached XP level 1. HP: 11/11 MP: 4/4
   317 | D:1      | Reached XP level 2. HP: 16/17 MP: 3/6
   397 | D:1      | Reached skill level 2 in Conjurations
   969 | D:2      | Reached XP level 3. HP: 21/21 MP: 7/7
   972 | D:2      | Reached skill level 3 in Stealth
  1061 | D:2      | Found an opulent altar of Gozag.
  1081 | D:2      | Became a worshipper of Gozag Ym Sagoz the Greedy
  1104 | D:2      | HP: 5/21 [poisoned by an adder]
  1108 | D:2      | Reached skill level 1 in Short Blades
  1120 | D:2      | HP: 5/21 [jackal (1)]
  1400 | D:2      | Reached XP level 4. HP: 22/27 MP: 8/8
  1471 | D:2      | Reached skill level 1 in Shields
  2696 | D:3      | Reached skill level 2 in Short Blades
  2696 | D:3      | Reached XP level 5. HP: 26/31 MP: 9/9
  2783 | D:3      | HP: 3/31 [gnoll/+0 spear (5)]
  3077 | D:3      | Found a large runed translucent door.
  3078 | D:3      | Found a large runed translucent door.
  3081 | D:3      | Noticed Frask's ghost (amateur MiMo)
  3094 | D:3      | Reached skill level 4 in Stealth
  3525 | D:4      | Found Vismuipp's Distillery.
  3525 | D:4      | Noticed Edmund
  3619 | D:4      | Killed Edmund
  3620 | D:4      | Reached skill level 3 in Short Blades
  3620 | D:4      | Reached skill level 3 in Dodging
  3620 | D:4      | Reached skill level 2 in Shields
  3620 | D:4      | Reached skill level 3 in Conjurations
  3620 | D:4      | Reached XP level 6. HP: 30/36 MP: 10/10
  3717 | D:4      | Found Soqezad's Armour Shop.
  3772 | D:4      | HP: 9/36 [poisoned by a worker ant]
  4255 | D:4      | Reached XP level 7. HP: 37/41 MP: 11/11
  4377 | D:4      | Found Qerghev's Gadget Shoppe.
  4451 | D:4      | Found Mujiuf's Armour Shop.
  4467 | D:4      | Reached skill level 4 in Short Blades
  4467 | D:4      | Reached skill level 5 in Stealth
  4492 | D:4      | Found a bloodstained altar of Trog.
  4795 | D:4      | Found Feos's Armour Shoppe.
  4803 | D:4      | Bought the +3 warlock's mirror {reflect} for 400 gold
                  | pieces
  4803 | D:4      | Found the +3 warlock's mirror {reflect}
  4817 | D:4      | Learned a level 3 spell: Mephitic Cloud
  4820 | D:4      | Learned a level 2 spell: Blink
  5030 | D:5      | Entered Level 5 of the Dungeon
  5103 | D:5      | Reached skill level 1 in Poison Magic
  5139 | D:5      | Found Laynnit's Book Shoppe.
  5154 | D:5      | Reached skill level 3 in Shields
  5214 | D:5      | Found a glowing drain.
  5222 | Sewer    | Entered a sewer
  5225 | Sewer    | Reached skill level 1 in Air Magic
  5432 | Sewer    | Reached XP level 8. HP: 41/46 MP: 5/12
  5595 | Sewer    | Found a white marble altar of Elyvilon.
  5716 | D:5      | Found a sparkling altar of Nemelex Xobeh.
  5767 | D:5      | Reached skill level 2 in Poison Magic
  6018 | D:5      | Noticed Ijyb
  6030 | D:5      | Gained mutation: You passively map a small area around you.
                  | [potion of mutation]
  6030 | D:5      | Gained mutation: Your spells are a little easier to cast,
                  | but a little less powerful. [potion of mutation]
  6030 | D:5      | Lost mutation: Your spells are a little easier to cast, but
                  | a little less powerful. [potion of mutation]
  6030 | D:5      | Gained mutation: You are partially covered in yellow
                  | scales. (AC +2) [potion of mutation]
  6103 | D:5      | Noticed Sigmund
  6347 | D:5      | HP: 9/46 [centaur (4)]
  6352 | D:5      | Reached skill level 2 in Air Magic
  6604 | D:5      | Reached skill level 5 in Short Blades
  6604 | D:5      | Reached skill level 4 in Conjurations
  6604 | D:5      | Reached skill level 2 in Translocations
  6788 | D:5      | Found a staircase to the Ecumenical Temple.
  6959 | D:5      | Bought a book of Conjurations for 300 gold pieces
  6962 | D:5      | Learned a level 2 spell: Searing Ray
  6966 | D:5      | Learned a level 3 spell: Dazzling Flash
  7076 | D:6      | Reached skill level 4 in Dodging
  7315 | D:6      | Reached skill level 4 in Shields
  7315 | D:6      | Reached skill level 1 in Hexes
  7886 | D:6      | Reached skill level 2 in Hexes
  8230 | D:6      | Reached XP level 9. HP: 28/51 MP: 3/13
  8535 | D:5      | Reached skill level 6 in Short Blades
  8535 | D:5      | Reached skill level 3 in Hexes
  9212 | D:7      | Found a transporter.
  9217 | D:7      | Noticed Anias's ghost (novice OpWn)
  9218 | D:7      | Noticed a cyclops
  9218 | D:7      | Noticed an oklob plant
  9459 | D:7      | Reached skill level 5 in Conjurations
  9459 | D:7      | Reached skill level 4 in Hexes
  9537 | D:7      | Reached skill level 5 in Dodging
  9636 | D:7      | Found a transporter.
  9858 | D:7      | Noticed Menkaure
  9867 | D:7      | Killed Menkaure
  9868 | D:7      | Reached skill level 7 in Short Blades
  9901 | D:7      | Found a radiant altar of Vehumet.
 10279 | D:8      | Found a hide-covered altar of Uskayaw.
 10280 | D:8      | Noticed a +0 dagger
 10281 | D:8      | Noticed a +0 dagger
 10282 | D:8      | Noticed Erica
 10301 | D:8      | Killed Erica
 10302 | D:8      | Reached skill level 8 in Short Blades
 10302 | D:8      | Reached skill level 5 in Hexes
 10302 | D:8      | Reached skill level 3 in Long Blades
 10302 | D:8      | Reached XP level 10. HP: 19/56 MP: 2/14
 10586 | D:8      | Reached skill level 4 in Long Blades
 11194 | D:8      | Noticed Harold
 11257 | D:8      | Found a radiant altar of Vehumet.
 11390 | D:8      | Noticed a two-headed ogre
 11545 | D:8      | Killed a two-headed ogre
 11546 | D:8      | Reached skill level 5 in Long Blades
 12157 | D:9      | Reached skill level 6 in Conjurations
 12157 | D:9      | Reached skill level 6 in Hexes
 12464 | D:9      | Noticed Maurice
 12467 | D:9      | Noticed Prince Ribbit
 12477 | D:9      | Killed Maurice
 12576 | D:9      | Killed Prince Ribbit
 12705 | D:9      | Reached skill level 6 in Long Blades
 12987 | D:9      | HP: 14/56 [sky beast (4)]
 13164 | D:9      | Reached XP level 11. HP: 48/61 MP: 1/15
 13362 | D:9      | Reached skill level 7 in Conjurations
 13362 | D:9      | Reached skill level 7 in Hexes
 13631 | D:9      | Found a staircase to the Orcish Mines.
 13779 | D:9      | Found a blossoming altar of Fedhas.
 13912 | D:10     | Entered Level 10 of the Dungeon
 13922 | D:10     | Reached skill level 7 in Long Blades
 14343 | D:10     | Noticed a two-headed ogre
 14356 | D:10     | HP: 11/61 [two-headed ogre/+0 giant spiked club (8)]
 14357 | D:10     | Killed a two-headed ogre
 14358 | D:10     | Reached skill level 8 in Long Blades
 15049 | D:5      | Bought a book of Frost for 350 gold pieces
 15053 | D:5      | Learned a level 3 spell: Ozocubu's Armour
 15084 | D:5      | Killed Sigmund
 15173 | D:5      | Killed Ijyb
 15174 | D:5      | Reached skill level 1 in Ice Magic
 15480 | D:3      | Killed Frask's ghost
 15888 | D:10     | Reached skill level 2 in Ice Magic
 16307 | D:11     | Noticed a boulder beetle
 16493 | D:10     | Reached skill level 3 in Ice Magic
 16800 | D:10     | Reached skill level 4 in Ice Magic
 16808 | D:10     | Reached skill level 9 in Long Blades
 17349 | D:11     | Found a staircase to the Lair.
 17359 | D:11     | Reached skill level 5 in Ice Magic
 18021 | D:10     | Reached skill level 6 in Ice Magic
 18098 | D:10     | HP: 15/61 [troll (6)]
 18099 | D:10     | HP: 3/61 [troll (12)]
 18104 | D:10     | Slain by a troll

Illustrated notes

Levels and vault maps discovered:
D:1:      psy_arrival_statuary, layout_basic, serial_forest,
          infiniplex_forest_lined_3_way, infiniplex_forest_zigzag_1,
          infiniplex_forest_straight_3, infiniplex_forest_clump_double,
          infiniplex_forest_clump_large, infiniplex_forest_clump_small
D:2:      layout_basic, grunt_gozag_breadcrumbs, serial_bayou_pond_d
D:3:      layout_basic, ebering_ghost_disaster_area, hangedman_decor_growths,
          minmay_misc_feat_tower, kennysheep_generic_room_10
D:4:      minmay_angry_zag, layout_basic, bloody_trog, serial_shops,
          nicolae_shop_stone, shop, shop, shop, shop, uniq_edmund
D:5:      kennysheep_six_static_rooms, layout_basic,
          nicolae_overflow_hidden_temple, minmay_temple_entry_fiery,
          gup_sewer_entry_bubbles, serial_shops, shop, uniq_ijyb, uniq_sigmund
D:6:      layout_cave_pools, serial_glass, glass_columns_b, glass_columns_b,
          glass_columns_c, feat_on_display, minmay_strange_pillars,
          feat_on_display
D:7:      layout_loops_ring, basic_altar, nzn_ghost_randoct, centaur_isle,
          uniq_menkaure
D:8:      layout_gridville, dancing_weapons_uskayaw, vehumet_statue, uniq_erica,
          uniq_harold
D:9:      layout_small_grid, general_overflow_altar, erik_orc_1, st_stairs_10,
          uniq_maurice, uniq_prince_ribbit1
D:10:     layout_roguey, serial_ice, serial_ice_f, serial_ice_o, serial_ice_g,
          serial_ice_j, serial_ice_c, serial_ice_b
D:11:     cheibrodos_fzero, layout_grid_maze, due_lair_maze_entry_diamond,
          grunt_dithmenos_smoke_and_mirrors

Skill      XL: |  1  2  3  4  5  6  7  8  9 10 11 |
---------------+----------------------------------+-----
Conjurations   | 2 3 4 5 6 7 |  7.0
Stealth        | 3 4 5 |  5.0
Short Blades   | 1 2 3 4 5 8 |  8.0
Shields        | 1 2 3 4 |  4.0
Dodging        | 3 4 5 |  5.0
Poison Magic   | 1 2 |  2.8
Air Magic      | 1 2 |  2.2
Translocations | 2 |  2.0
Hexes          | 2 5 6 7 |  7.0
Long Blades    | 3 6 9 |  9.6
Ice Magic      | 6 |  6.0
Spellcasting   | |  3.0
Summonings     | |  1.1

Action                   |  1- 3 |  4- 6 |  7- 9 | 10-12 || total
-------------------------+-------+-------+-------+-------++-------
Melee: Dagger            |    63 |   165 |   207 |   201 ||   636
       Constrict         |    13 |    33 |    28 |    47 ||   121
       Tentacles         |    10 |    47 |    40 |    68 ||   165
       Flail             |       |       |     5 |    11 ||    16
       Scimitar          |       |       |       |   155 ||   155
Throw: Throwing net      |       |       |       |     1 ||     1
 Cast: Magic Dart        |    16 |       |    22 |       ||    38
       Searing Ray       |       |       |    38 |    66 ||   104
       Mephitic Cloud    |       |       |     1 |     4 ||     5
       Dazzling Flash    |       |       |       |    47 ||    47
       Ozocubu's Armour  |       |       |       |     1 ||     1
Evoke: Wand              |       |       |       |     4 ||     4
  Use: Scroll            |     1 |     3 |    16 |     6 ||    26
       Potion            |     2 |     1 |     1 |     5 ||     9
 Stab: Sleeping          |     9 |     9 |    15 |     9 ||    42
       Distracted        |       |       |     2 |     1 ||     3
       Invisible         |       |       |       |    28 ||    28
       Confused          |       |       |       |     1 ||     1
Armor: Skin              |     6 |     5 |    12 |    43 ||    66
Dodge: Dodged            |    44 |    34 |    76 |   296 ||   450
Block: Kite shield       |    17 |    35 |     6 |       ||    58
       Buckler           |       |       |    51 |   178 ||   229
       Reflection        |       |       |    12 |     6 ||    18
       Rpst.: Scimitar   |       |       |       |    32 ||    32

Table legend: (Time is in decaauts)
 A = Elapsed time spent in this place.
 B = Non-inter-level travel time spent in this place.
 C = Inter-level travel time spent in this place.
 D = Time resting spent in this place.
 E = Time spent auto-exploring this place.
 F = Levels seen in this place.
 G = Mean time per level.
                   A        B        C        D        E       F      G
               +--------+--------+--------+--------+--------+-----+--------+
         Total |  17857 |  16614 |   1243 |   5247 |   8010 |  12 | 1488.1 |
       Dungeon |  17450 |  16207 |   1243 |   5146 |   7791 |  11 | 1586.4 |
         Sewer |    407 |    407 |      0 |    101 |    219 |   1 |  407.0 |
               +--------+--------+--------+--------+--------+-----+--------+

Top non-repeatable levels by time:
    D:10: 2751 daAuts
     D:9: 1942 daAuts
     D:5: 1753 daAuts
     D:7: 1734 daAuts
     D:8: 1705 daAuts
     D:4: 1632 daAuts
     D:2: 1561 daAuts
     D:6: 1472 daAuts
     D:3: 1271 daAuts
     D:1: 1046 daAuts
    D:11: 578 daAuts
   Sewer: 407 daAuts

Table legend:
 A = Kills in this place as a percentage of kills in entire the game.
 B = Kills by you in this place as a percentage of kills by you in the entire game.
 C = Kills by friends in this place as a percentage of kills by friends in the entire game.
 D = Other kills in this place as a percentage of other kills in the entire game.
 E = Experience gained in this place as a percentage of experience gained in the entire game.
 F = Experience gained in this place divided by the number of levels of this place that you have seen.
                   A       B       C       D       E      F
               +-------+-------+-------+-------+-------+----------------------
         Total | 100.0 | 100.0 |   N/A |   N/A | 100.0 | 1519.2
       Dungeon |  96.8 |  96.8 |   N/A |   N/A |  99.2 | 1644.8
         Sewer |   3.2 |   3.2 |   N/A |   N/A |   0.8 | 138.0
               +-------+-------+-------+-------+-------+----------------------
